 Dungeon Crawl Stone Soup version 0.29-a0-275-g389c0b56f3 (webtiles) character file.

Game seed: 14926488876918379248

3128 Dabor the Fighter (level 9, -30/80 HPs)
             Began as a Palentonga Berserker on Mar 12, 2022.
             Was a Priest of Trog.
             Killed from afar by Maurice (36 damage)
             ... with a bolt of acid
             ... on level 8 of the Dungeon.
             The game lasted 00:11:57 (10727 turns).

Dabor the Fighter (Palentonga Berserker)           Turns: 10727, Time: 00:11:58

Health: -30/80     AC:  7    Str: 25    XL:     9   Next: 61%
Magic:  9/9        EV: 10    Int:  7    God:    Trog [***...]
Gold:   0          SH:  0    Dex: 10    Spells: 8/8 levels left

rFire   . . .      SeeInvis +   A - +3 war axe
rCold   . . .      Faith    .   (no shield)
rNeg    . . .      Spirit   .   z - +3 leather armour {Will+}
rPois   .          Reflect  .   (no helmet)
rElec   .          Harm     .   (no cloak)
rCorr   .          Rampage  .   (no gloves)
Will    +++..                   (no barding)
Stlth   +.........              (no amulet)
HPRegen 1.23/turn               (no ring)
MPRegen 0.11/turn               (no ring)

@: strong-willed, corroded, on berserk cooldown, regenerating, slowed, curled
up, very slow
A: large, rugged brown scales 3, see invisible, deformed body, roll 1, armoured
tail, reflexive curl
a: Rolling Charge, Renounce Religion, Berserk, Trog's Hand


You were on level 8 of the Dungeon.
You worshipped Trog.
Trog was most pleased with you.
You visited 1 branch of the dungeon, and saw 8 of its levels.

You collected 96 gold pieces.
You spent 96 gold pieces at shops.

Inventory:

Hand Weapons
 x - a +0 war axe
 A - a +3 war axe (weapon)
Missiles
 c - 7 atropa-tipped darts
 k - 7 poisoned darts
Armour
 z - a +3 leather armour of willpower (worn)
Jewellery
 n - an amulet of magic regeneration
Wands
 j - a wand of paralysis (11)
 B - a wand of iceblast (5)
 C - a wand of flame (13)
Scrolls
 b - 2 scrolls of enchant weapon
 f - a scroll of enchant armour
 i - a scroll of holy word {unknown}
 m - 7 scrolls of teleportation
 r - a scroll of magic mapping
 s - 3 scrolls of fear
 t - a scroll of brand weapon
 u - a scroll of fog {unknown}
 v - a scroll of blinking {unknown}
 y - a scroll of immolation {unknown}
 D - a scroll of noise {unknown}
 E - a scroll of identify
 F - a scroll of torment {unknown}
Potions
 e - 6 potions of heal wounds
 l - 2 potions of curing
 o - 4 potions of haste {unknown}
 p - a potion of cancellation {unknown}
 q - a potion of might {unknown}
 w - 2 potions of resistance {unknown}


   Skills:
 * Level 8.3 Fighting
 * Level 8.2 Axes
 + Level 0.3 Throwing
 + Level 4.8 Armour
 + Level 4.9 Dodging
 + Level 0.5 Evocations


You had 8 spell levels left.
You didn't know any spells.
Your spell library was empty.

Dungeon Overview and Level Annotations

Branches:
Dungeon (8/15)             Temple (0/1) D:7
   Lair: D:8-11

Altars:

Shops:
D:4 [   D:5 !

Annotations:
D:8 Maurice


Innate Abilities, Weirdness & Mutations

You are completely covered in rugged brown scales. (AC +3, +7% HP)
You have supernaturally acute eyesight. (SInv)
Armour fits poorly on your strangely shaped body.
You can roll at nearby foes to attack.
You have a long armoured tail.
You curl defensively after being hit. (AC +7*)


Message History

Roll where?
Press: ? - help, Q - select action, (/) - cycle Dir - move target, f/p - Maurice
Aim: Maurice, wielding a +0 short sword, wearing a +2 cloak of preservation, wearing a +4 ring of evasion, quivering poisoned darts and carrying a wand of acid (5) (severely wounded, covering ground quickly, slightly transparent)
You roll forward with a clatter of scales!
You miss Maurice.
Maurice is severely wounded.
You feel very sick.
Maurice zaps a wand.
The bolt of acid hits you! The acid corrodes you!
Maurice hits you but does no damage.
You miss Maurice.
Maurice is severely wounded.
You feel sick. Maurice hits you with a +0 short sword.
Maurice steals 74 gold pieces!
You now have 119 gold pieces.
You hit Maurice.
Your tail-slap misses Maurice.
Maurice is severely wounded.
You feel sick. Maurice misses you.
Maurice gestures wildly while chanting.
Maurice blinks!
Your skin crawls.
You feel strong-willed.
You feel sick.
Maurice throws a poisoned dart.
The poisoned dart closely misses you.
You feel sick.
You are no longer poisoned.
Roll where?
Press: ? - help, Q - select action, (/) - cycle Dir - move target, f/p - Maurice
Aim: Maurice, wielding a +0 short sword, wearing a +2 cloak of preservation, wearing a +4 ring of evasion, quivering poisoned darts and carrying a wand of acid (4) (severely wounded, covering ground quickly, slightly transparent)
You roll forward with a clatter of scales!
You barely miss Maurice.
Maurice is severely wounded.
Maurice mumbles some strange words.
Maurice blinks!
Maurice hits you with a +0 short sword!
Maurice steals 119 gold pieces!
You now have 0 gold pieces.
You hit Maurice.
You tail-slap Maurice, but do no damage.
Maurice is almost dead.
Maurice zaps a wand.
The bolt of acid hits you!!
* * * LOW HITPOINT WARNING * * *
The acid corrodes you!
Maurice zaps a wand.
The bolt of acid hits you!!!
You die...

#.# #.# #.# # ####.#
####.##.##.#### #####.
......§........ #.....#
##...@##.# +......
.......@°°.# # .....#
#####.#.##.# .# ...# #.#.##.#
..#
#####.########.#.##.####...#
...................>.......#
....#............##.###......#
###.#..#######.#.##.# .#.####
...............#.##.# .# #


You could see Maurice (swift, invisible).

Vanquished Creatures
  Eustachio (D:6)
  3 orc warriors (D:7)
  2 sky beasts
  4 ogres
  3 black bears
  A necrophage (D:6)
  2 bullfrogs (D:7)
  3 scorpions
  4 wights (D:6)
  5 killer bees (D:7)
  5 howler monkeys (D:7)
  4 hounds
  A jelly (D:6)
  5 orc priests
  7 iguanas
  8 orc wizards
  3 gnolls (D:3)
  11 adders
  A shadow imp (D:7)
  A white imp (D:7)
  2 worms
  A dart slug (D:2)
  30 orcs
  3 ball pythons
  6 endoplasms
  3 giant cockroaches
  6 goblins
  7 hobgoblins
  2 jackals (D:2)
  A quokka (D:2)
  5 bats
  5 frilled lizards
  5 kobolds
  2 rats (D:1)
152 creatures vanquished.

Notes
Turn   | Place    | Note
-------+----------+-------------------------------------------
     0 | D:1      | Dabor the Palentonga Berserker began the quest for the Orb.
     0 | D:1      | Reached XP level 1. HP: 19/19 MP: 1/1
   198 | D:1      | Reached XP level 2. HP: 24/25 MP: 2/2
   411 | D:1      | Found a faded altar of an unknown god.
  1573 | D:2      | Reached XP level 3. HP: 31/31 MP: 3/3
  2395 | D:2      | Reached XP level 4. HP: 37/37 MP: 4/4
  3369 | D:3      | Reached XP level 5. HP: 38/44 MP: 5/5
  3846 | D:4      | Noticed an ogre
  3855 | D:4      | Killed an ogre
  3856 | D:4      | Reached XP level 6. HP: 52/52 MP: 6/6
  4248 | D:4      | Reached ** piety under Trog
  4420 | D:4      | Found Bopsy's Armour Shop.
  4606 | D:4      | Reached skill level 5 in Fighting
  4707 | D:4      | Reached skill level 5 in Axes
  4707 | D:4      | Gained mutation: You curl defensively after being hit. (AC
                  | +7*) [Palentonga growth]
  4707 | D:4      | Reached XP level 7. HP: 24/59 MP: 7/7
  6276 | D:5      | Entered Level 5 of the Dungeon
  6342 | D:5      | Reached XP level 8. HP: 34/68 MP: 8/8
  6858 | D:5      | Found Hiati's Distillery.
  6861 | D:5      | Bought a potion of curing for 36 gold pieces
  6861 | D:5      | Bought a potion of heal wounds for 60 gold pieces
  7571 | D:6      | Noticed Eustachio
  7613 | D:6      | Killed Eustachio
  9236 | D:7      | Reached XP level 9. HP: 68/77 MP: 9/9
  9687 | D:7      | Reached *** piety under Trog
 10539 | D:7      | Found a staircase to the Ecumenical Temple.
 10696 | D:8      | Noticed Maurice
 10727 | D:8      | Killed from afar by Maurice

Illustrated notes

Levels and vault maps discovered:
D:1:      minmay_arrival_doors, layout_loops_ring,
          hellmonk_ecumenical_altar_zigzags
D:2:      layout_loops_ring, corexii_item_surrounded_by_moat,
          minmay_pentomino_s4
D:3:      wander_river, layout_rooms, serial_park_tiny_2
D:4:      kb_forest_paths, layout_loops_ring, serial_shops,
          nicolae_shop_crystal, minmay_misc_feat_four_crosses
D:5:      dreamdust_elfheim, layout_loops_ring, serial_shops,
          nicolae_shop_trees, minivault_5, minivault_19
D:6:      layout_basic, uniq_eustachio
D:7:      layout_cave_pools, minmay_temple_entry_junction_2
D:8:      layout_basic, nicolae_dithmenos_the_darkroom, minivault_12,
          uniq_erica, uniq_maggie, uniq_maurice

Skill      XL: |  1  2  3  4  5  6  7  8  9 |
---------------+----------------------------+-----
Armour         | 2 3 4 |  4.8
Dodging        | 2 3 4 |  4.9
Fighting       | 4 5 6 7 8 |  8.3
Axes           | 4 5 6 7 8 |  8.2
Throwing       | |  0.3
Evocations     | |  0.5

Action                   |  1- 3 |  4- 6 |  7- 9 || total
-------------------------+-------+-------+-------++-------
Melee: Hand axe          |   120 |   116 |   103 ||   339
       Tailslap          |    10 |    14 |    33 ||    57
       War axe           |       |       |   120 ||   120
       Whip              |       |       |    40 ||    40
       Punch             |       |       |     1 ||     1
Invok: Berserk           |     2 |     3 |     9 ||    14
       Trog's Hand       |       |       |     1 ||     1
 Abil: Rolling Charge    |     1 |     4 |    20 ||    25
Evoke: Wand              |       |       |     4 ||     4
  Use: Scroll            |     4 |     1 |     3 ||     8
       Potion            |       |       |     1 ||     1
Armor: Leather armour    |    16 |       |    53 ||    69
       Animal skin       |     1 |       |       ||     1
       Scale mail        |    41 |     6 |       ||    47
       Plate armour      |       |    63 |    56 ||   119
Dodge: Dodged            |    31 |    31 |    87 ||   149

Table legend: (Time is in decaauts)
 A = Elapsed time spent in this place.
 B = Non-inter-level travel time spent in this place.
 C = Inter-level travel time spent in this place.
 D = Time resting spent in this place.
 E = Time spent auto-exploring this place.
 F = Levels seen in this place.
 G = Mean time per level.
                   A        B        C        D        E       F      G
               +--------+--------+--------+--------+--------+-----+--------+
         Total |  10901 |  10411 |    490 |   2660 |   6550 |   8 | 1362.6 |
       Dungeon |  10901 |  10411 |    490 |   2660 |   6550 |   8 | 1362.6 |
               +--------+--------+--------+--------+--------+-----+--------+

Top non-repeatable levels by time:
     D:6: 2327 daAuts
     D:4: 2278 daAuts
     D:2: 1789 daAuts
     D:5: 1321 daAuts
     D:3: 1177 daAuts
     D:1: 1138 daAuts
     D:7: 772 daAuts
     D:8: 96 daAuts
